 Dungeon Crawl Stone Soup version 0.31-a0-542-gdc2a67831c (webtiles) character file.

Game seed: 16657897375168232961

2945 Mickster the Cleaver (level 9, -2/106 (117) HPs)
             Began as a Hill Orc Berserker on Aug 14, 2023.
             Was a Believer of Trog.
             Slain by Erica
             ... wielding a +2 scimitar of flaming
              (5 damage)
             ... on level 8 of the Dungeon.
             The game lasted 00:58:04 (5592 turns).

Mickster the Cleaver (Hill Orc Berserker)           Turns: 5592, Time: 00:58:04

HP:   -2/106 (117)  AC: 24    Str: 28    XL:     9   Next: 80%
MP:   9/9           EV:  2    Int:  7    God:    Trog [**....]
Gold: 282           SH:  0    Dex: 12    Spells: 8/8 levels left

rFire   . . .        j - +3 war axe
rCold   . . .        (no shield)
rNeg    . . .        B - melded +5 plate armour of Failure {rPois Will+ Dex+5}
rPois   +            b - melded +0 helmet
rElec   .            m - melded +0 cloak
rCorr   .            (gloves currently unavailable)
SInv    .            (boots currently unavailable)
Will    .....        u - amulet of the acrobat
Stlth   +            D - +6 ring of strength
HPRegen 0.37/turn    (no ring)
MPRegen 0.11/turn

%: acrobat
@: tree-form, on berserk cooldown, slowed, drained, very slow
A: stationary, stasis, torment immunity, boosted hp
a: Renounce Religion, Berserk, Trog's Hand


You were on level 8 of the Dungeon.
You worshipped Trog.
Trog was pleased with you.
You were a tree.
You visited 1 branch of the dungeon, and saw 8 of its levels.

You collected 348 gold pieces.
You spent 66 gold pieces at shops.

Inventory:

Hand Weapons
 a - a +1 hand axe
 f - a +1 dagger of draining
 j - a +3 war axe (weapon)
 n - a +3 scimitar
 t - a +0 dagger of holy wrath
 v - a +0 war axe
 x - a +5 rapier
 G - a +1 heavy falchion
 H - a +3 whip
Missiles
 c - 29 poisoned darts
 e - 74 stones
 E - 3 silver javelins (quivered)
 I - a throwing net
Armour
 b - a +0 helmet (melded)
 m - a +0 cloak (melded)
 p - a scarf of repulsion
 s - a +4 plate armour
 y - a +2 leather armour
 z - a +0 hat
 B - the +5 plate armour of Failure (melded) {rPois Will+ Dex+5}
   (You found it on level 7 of the Dungeon)

   Dex+5:     It affects your dexterity (+5).
   rPois:     It protects you from poison Will+: It increases your willpower.
Jewellery
 u - an amulet of the acrobat (around neck)
 D - a +6 ring of strength (left branch)
Wands
 h - a wand of mindburst (22)
Scrolls
 i - a scroll of teleportation
 q - a scroll of poison
 C - a scroll of fog
 F - 2 scrolls of silence
Potions
 d - a potion of magic
 g - 4 potions of curing
 k - a potion of invisibility
 l - a potion of cancellation {unknown}
 o - 4 potions of lignification
 r - a potion of haste {unknown}
 w - a potion of berserk rage {unknown}
 A - a potion of heal wounds {unknown}


   Skills:
 + Level 6.8 Fighting
 - Level 2.0 Short Blades
 * Level 13.0 Axes
 + Level 7.7 Armour
 + Level 2.6 Dodging
 + Level 0.8 Stealth


You had 8 spell levels left.
You didn't know any spells.
Your spell library was empty.

Dungeon Overview and Level Annotations

Branches:
Dungeon (8/15)             Temple (0/1) D:7
   Lair: D:8-11

Altars:
Hepliaklqana
Sif Muna
Uskayaw
Yredelemnul
Beogh

Shops:
D:5 ?

Annotations:
D:8 Erica


Message History

The wight misses you. The wight closely misses you.
The wight barely misses you.
You hear some strange, mumbled words.
A bolt of poison appears from out of thin air!
The bolt of poison misses you. The wight completely misses you.
The wight hits you from afar with a +4 halberd.
* * * LOW HITPOINT WARNING * * *
You feel drained. The wight barely misses you. Something hits you.
* * * LOW HITPOINT WARNING * * *
Something burns you.
* * * LOW HITPOINT WARNING * * *
The wight completely misses you. The wight hits you but does no damage.
Something closely misses you. The wight misses you.
Something hits you but does no damage.
Things that are here:
a +3 spear; a +0 robe You barely miss the wight.
You hit something.
You hear some strange, mumbled words.
A bolt of poison appears from out of thin air!
The bolt of poison hits you. You resist.
* * * LOW HITPOINT WARNING * * *
The wight hits you but does no damage. The wight barely misses you.
Something hits you but does no damage.
You closely miss something. You hit the wight but do no damage.
The wight hits you with a +4 halberd.
* * * LOW HITPOINT WARNING * * *
Something hits you but does no damage.
You turn into a tree.
Your +0 cloak melds into your body.
Your +0 helmet melds into your body.
The +5 plate armour of Failure {rPois Will+ Dex+5} melds into your body.
Your roots penetrate the ground.
The wight hits you with a +4 halberd.
* * * LOW HITPOINT WARNING * * *
You feel drained.
* * * LOW HITPOINT WARNING * * *
Something hits you but does no damage.
You hit the wight but do no damage. You miss something. Something hits you.
You die...

....# ##. #...
#.. ...#### ..
# #.... .##. ##
#...####....
##..##..).....#
#......)<)....#
...#..).z....#
......##)♣{...#
..#### #......#
########


You could see a wight.

Vanquished Creatures
  A wraith (D:6)
  The ghost of Fractals the Changeling, an amateur DrSh (D:3)
  A water moccasin (D:7)
  An orc warrior (D:5)
  A sky beast (D:6)
  A black bear (D:5)
  2 centaurs
  A phantom (D:3)
  3 kobold brigands
  A bullfrog (D:7)
  A gnoll sergeant (D:8)
  7 wights
  A howler monkey (D:7)
  6 hounds
  3 orc priests
  A gnoll bouda (D:5)
  3 iguanas
  4 orc wizards
  2 scorpion zombies (D:3)
  22 gnolls
  7 adders
  5 ufetubi
  A dart slug (D:2)
  20 orcs
  6 ball pythons
  2 bats
  7 endoplasms
  4 giant cockroaches
  9 goblins
  3 hobgoblins
  4 jackals (D:1)
  17 kobolds
  2 quokkas (D:1)
  2 frilled lizards
  A jackal zombie (D:3)
  A quokka zombie (D:3)
  3 rats
157 creatures vanquished.

Vanquished Creatures (collateral kills)
  The ghost of LustLizard the Insei, a novice OpSh of Vehumet (D:5)
  2 orcs (D:5)
3 creatures vanquished.

Vanquished Creatures (others)
  An orc priest (D:5)
  3 orcs (D:5)
4 creatures vanquished.

Grand Total: 164 creatures vanquished

Notes
Turn   | Place    | Note
-------+----------+-------------------------------------------
     0 | D:1      | Mickster the Hill Orc Berserker began the quest for the
                  | Orb.
     0 | D:1      | Reached XP level 1. HP: 19/19 MP: 1/1
   291 | D:1      | Reached XP level 2. HP: 24/27 MP: 2/2
   474 | D:1      | Reached XP level 3. HP: 33/33 MP: 3/3
   509 | D:1      | Reached ** piety under Trog
   654 | D:2      | Found a faded altar of an unknown god.
   773 | D:2      | Reached skill level 5 in Axes
   800 | D:2      | Reached XP level 4. HP: 41/41 MP: 4/4
  1502 | D:3      | Reached skill level 6 in Axes
  1502 | D:3      | Reached XP level 5. HP: 18/47 MP: 5/5
  1511 | D:3      | Found a basalt altar of Yredelemnul.
  1782 | D:3      | Noticed a phantom
  1798 | D:3      | Killed a phantom
  1799 | D:3      | Reached XP level 6. HP: 53/53 MP: 6/6
  1800 | D:3      | Noticed Fractals's ghost (amateur DrSh)
  1805 | D:3      | Found a runed translucent door.
  1872 | D:3      | Killed Fractals's ghost
  1873 | D:3      | Reached skill level 5 in Fighting
  1873 | D:3      | Reached skill level 7 in Axes
  1968 | D:3      | Found a hazy altar of Hepliaklqana.
  2626 | D:5      | Entered Level 5 of the Dungeon
  2636 | D:5      | Reached XP level 7. HP: 61/61 MP: 7/7
  2664 | D:5      | Reached skill level 8 in Axes
  3043 | D:5      | Found Suaski's Magic Scroll Emporium.
  3051 | D:5      | Bought a scroll of identify for 22 gold pieces
  3051 | D:5      | Bought a scroll of identify for 22 gold pieces
  3051 | D:5      | Bought a scroll of identify for 22 gold pieces
  3340 | D:5      | Found a runed translucent gate.
  3341 | D:5      | Found a runed translucent gate.
  3341 | D:5      | Noticed LustLizard's ghost (novice OpSh)
  3343 | D:5      | Found a runed translucent gate.
  3350 | D:5      | Found a roughly hewn altar of Beogh.
  3476 | D:5      | Reached skill level 5 in Armour
  3487 | D:5      | Reached skill level 9 in Axes
  3491 | D:5      | Killed LustLizard's ghost
  3492 | D:5      | Reached skill level 10 in Axes
  3492 | D:5      | Reached XP level 8. HP: 46/70 MP: 8/8
  3876 | D:5      | Found a shimmering blue altar of Sif Muna.
  3987 | D:6      | Noticed a +0 spear
  3988 | D:6      | Noticed a +0 short sword
  3988 | D:6      | Noticed a +0 falchion
  3988 | D:6      | Noticed a +0 short sword
  3991 | D:6      | Noticed a +0 dagger
  3991 | D:6      | Noticed a +0 spear
  3991 | D:6      | Noticed a +0 falchion
  3993 | D:6      | Noticed a +0 dagger
  4018 | D:6      | Found a hide-covered altar of Uskayaw.
  4088 | D:6      | Noticed a wraith
  4109 | D:6      | Killed a wraith
  4257 | D:6      | Reached XP level 9. HP: 43/78 MP: 9/9
  4457 | D:6      | Reached skill level 11 in Axes
  4787 | D:7      | Reached skill level 12 in Axes
  5396 | D:7      | Found a staircase to the Ecumenical Temple.
  5440 | D:7      | Identified the +5 plate armour of Failure {rPois Will+
                  | Dex+5}
  5573 | D:8      | Reached skill level 13 in Axes
  5575 | D:8      | Noticed Erica
  5591 | D:8      | HP: 4/109 [wight/+4 halberd (6)]
  5592 | D:8      | Slain by Erica

Illustrated notes

Levels and vault maps discovered:
D:1:      pf_arrival_petrified_forest, layout_basic, minmay_misc_feat_five,
          serial_bayou_lagoon_a
D:2:      minmay_chambers_of_ones, layout_loops_ring,
          dreamdust_ecumenical_altar_hidden_monk_grotto
D:3:      layout_loops_ring, nicolae_yredelemnul_corpse_copse,
          mainiacjoe_overflow_alcove_2, hellmonk_ghost_happy_afterlife
D:4:      layout_basic, elyvilon_altar_5
D:5:      layout_cave_pools, kennysheep_orc_sif_temple,
          biasface_ghost_orc_armoury, serial_shops, nicolae_square_shop
D:6:      layout_cave_pools, nicolae_uskayaw_en_pointe, serial_glass,
          glass_columns_c, glass_columns_a, glass_columns_a,
          nicolae_twisty_statue_hallways
D:7:      layout_basic, minmay_temple_entry_mini_moons
D:8:      layout_rooms, kennysheep_mini_moat, makhleb_altar_promises_db,
          nicolae_ru_path_of_blood, grunt_temple_overflow_open,
          nrook_mini_backslash, minmay_curled_crystal, grunt_decor_arrowhead,
          uniq_erica

Skill      XL: |  1  2  3  4  5  6  7  8  9 |
---------------+----------------------------+-----
Fighting       | 4 5 6 |  6.8
Axes           | 5 6 7 10 13 | 13.0
Armour         | 3 4 5 6 7 |  7.7
Dodging        | 2 |  2.6
Short Blades   | 2 |  2.0
Stealth        | |  0.8

Action                     |  1- 3 |  4- 6 |  7- 9 || total
---------------------------+-------+-------+-------++-------
  Melee: Hand axe          |   133 |   130 |    44 ||   307
         Punch             |     1 |     3 |     6 ||    10
         War axe           |       |       |   201 ||   201
         Rapier            |       |       |    40 ||    40
         Dagger            |       |       |     9 ||     9
 Invoke: Berserk           |     2 |     5 |    10 ||    17
         Trog's Hand       |       |     2 |    12 ||    14
  Evoke: Wand              |       |     1 |       ||     1
    Use: Scroll            |     1 |    11 |     8 ||    20
         Potion            |       |     1 |     2 ||     3
   Stab: Confused          |       |       |     2 ||     2
 Armour: Scale mail        |    49 |    59 |    39 ||   147
         Animal skin       |     5 |       |       ||     5
         Chain mail        |       |       |    13 ||    13
         Plate armour      |       |       |   204 ||   204
         Skin              |       |       |     1 ||     1
  Dodge: Dodged            |    63 |    80 |   238 ||   381

Table legend: (Time is in decaauts)
 A = Elapsed time spent in this place.
 B = Non-inter-level travel time spent in this place.
 C = Inter-level travel time spent in this place.
 D = Time resting spent in this place.
 E = Time spent auto-exploring this place.
 F = Levels seen in this place.
 G = Mean time per level.
                   A        B        C        D        E       F      G
               +--------+--------+--------+--------+--------+-----+--------+
         Total |   5763 |   5414 |    349 |   1099 |     21 |   8 |  720.4 |
       Dungeon |   5763 |   5414 |    349 |   1099 |     21 |   8 |  720.4 |
               +--------+--------+--------+--------+--------+-----+--------+

Top non-repeatable levels by time:
     D:5: 1341 daAuts
     D:7: 1004 daAuts
     D:3: 959 daAuts
     D:2: 825 daAuts
     D:6: 669 daAuts
     D:1: 648 daAuts
     D:4: 273 daAuts
     D:8: 40 daAuts
